 Dungeon Crawl Stone Soup version 0.31-a0-851-g7ff8af7976 (webtiles) character file.

Game seed: 1502856089434736753

263 Nattfarinn the Trooper (level 6, -1/48 HPs)
             Began as a Formicid Shapeshifter on Oct 5, 2023.
             Slain by a scorpion (2 damage)
             ... on level 4 of the Dungeon.
             The game lasted 00:05:48 (2973 turns).

Nattfarinn the Trooper (Formicid Shapeshifter)      Turns: 2973, Time: 00:05:48

Health: -1/48      AC:  6    Str: 19 (20) XL:     6   Next: 43%
Magic:  6/6        EV: 11    Int:  9 (10) God:
Gold:   188        SH:  4    Dex: 10 (13) Spells: 5/5 levels left

rFire   . . .        n - +2 dagger (venom)
rCold   . . .        i - +0 buckler
rNeg    + . .        s - +3 leather armour
rPois   .            (helmet unavailable)
rElec   .            (cloak currently unavailable)
rCorr   .            (gloves currently unavailable)
SInv    +            (boots currently unavailable)
Will    .....        x - amulet of faith
Stlth   ++           y - ring of positive energy
HPRegen 0.28/turn    (no ring)
MPRegen 0.10/turn

%: faith
@: brilliant, beast-form, attractive
A: beast (slay +1), permanent stasis, dig shafts and tunnels, antennae 3, four
strong arms
a: Dig, Shaft Self, Begin Untransformation


You were on level 4 of the Dungeon.
You were a hulking beast.
You visited 1 branch of the dungeon, and saw 4 of its levels.

You collected 188 gold pieces.

Inventory:

Hand Weapons
 n - a +2 dagger of venom (weapon)
Missiles
 e - 7 javelins (quivered)
Armour
 i - a +0 buckler (worn)
 s - a +3 leather armour (worn)
Jewellery
 x - an amulet of faith (around neck)
 y - a ring of positive energy (left hand)
Talismans
 c - a beast talisman (active)
 d - a flux talisman
Wands
 z - a wand of flame (22)
Scrolls
 b - a scroll of vulnerability {unknown}
 k - a scroll of enchant armour {unknown}
 l - 2 scrolls of amnesia {unknown}
 m - a scroll of fog {unknown}
 o - 2 scrolls of noise {unknown}
 q - 2 scrolls of poison {unknown}
 t - 3 scrolls of identify {unknown}
 u - a scroll of summoning {unknown}
 w - a scroll of teleportation {unknown}
Potions
 a - a potion of attraction
 f - a potion of haste
 h - a potion of cancellation
 p - a potion of invisibility {unknown}
 r - a potion of degeneration
 v - a potion of heal wounds {unknown}
 A - a potion of enlightenment {unknown}


   Skills:
 + Level 3.8 Fighting
 + Level 3.1 Armour
 - Level 1.7 Dodging
 - Level 3.0 Stealth
 * Level 3.4 Shields
 - Level 3.0 Unarmed Combat
 - Level 3.2 Shapeshifting


You had 5 spell levels left.
You didn't know any spells.
Your spell library contained the following spells:

 Spells                   Type           Power      Damage    Failure   Level
 Magic Dart               Conj           0%         1d3       52%         1
 Necrotise                Necr           0%         1d4       52%         1
 Call Imp                 Summ           0%         N/A       65%         2
 Ensorcelled Hibernation  Hex/Ice        0%         N/A       65%         2
 Jinxbite                 Hex            0%         N/A       65%         2
 Mephitic Cloud           Conj/Pois/Air  0%         N/A       87%         3
 Vampiric Draining        Necr           0%         2d6       87%         3
 Anguish                  Hex/Necr       0%         N/A       99%         4
 Agony                    Necr           0%         N/A       100%        5


Dungeon Overview and Level Annotations

Branches:
Dungeon (4/15)
 Temple: D:4-7

Altars:

Annotations:
D:4 3 runed translucent doors, BinkBink's ghost, amateur FoFi


Innate Abilities, Weirdness & Mutations

You are a hulking beast.
Your limbs bulge with bestial killing power. (Slay +1)
You cannot be hasted, slowed, berserked, paralysed or teleported.
You can dig through walls and to a lower floor.
You have a pair of large antennae on your head. (SInv)
Your four strong arms can wield two-handed weapons with a shield.


Message History

You hit the jackal.
You kill the jackal!
The jackal closely misses you.
You closely miss the jackal. The jackal completely misses you.
You puncture the jackal!
You kill the jackal!
You hear the hiss of a very distant avalanche of sand.
You block the scorpion's attack.
You completely miss the scorpion.
The scorpion stings you but does no damage.
You hit the scorpion.
The scorpion is moderately wounded.
You block the scorpion's attack. The iguana bites you!
* * * LOW HITPOINT WARNING * * *
The scorpion closely misses you.
You hit the scorpion but do no damage.
The scorpion is moderately wounded.
The iguana bites you!
* * * LOW HITPOINT WARNING * * *
The scorpion stings you but does no damage.
It was a potion of attraction.
You feel attractive to monsters. The iguana bites you.
* * * LOW HITPOINT WARNING * * *
The scorpion stings you but does no damage.
It was a potion of haste.
Your stasis prevents you from being hasted.
You block the iguana's attack. The scorpion barely misses you.
It was a potion of degeneration.
There was something very wrong with that liquid.
You feel weakened.
You feel dopey.
You feel clumsy. You block the scorpion's attack. The iguana bites you.
* * * LOW HITPOINT WARNING * * *
The scorpion closely misses you.
It was a potion of brilliance.
You feel clever all of a sudden. The iguana closely misses you.
The scorpion completely misses you.
It was a potion of magic.
Magic courses through your body. The iguana barely misses you.
The scorpion stings you.
You die...

#..##.#.# ##.## #...$...#
#.# ..###.### #.# ### #.#
##'## #####.# ##...##
......# ##.....## #
##..#####.......######.##.#
#...####........s...†.....#
.......+........hl..†......
#...####.........####....#.
##..# ##........# #.#.# .
..# ##.....#.# ,..... ## ##
##...##.# #.## # ##+###.#
.# # #.. # . ###


You could see a scorpion and an iguana.

Vanquished Creatures
  2 jellies (D:4)
  An orc priest (D:4)
  An orc wizard (D:4)
  6 adders
  2 worms (D:2)
  2 dart slugs
  5 orcs
  8 ball pythons
  9 endoplasms
  6 giant cockroaches
  8 goblins
  4 hobgoblins
  6 jackals
  2 kobolds (D:3)
  2 quokkas
  3 bats (D:1)
  3 frilled lizards
  4 rats
74 creatures vanquished.

Vanquished Creatures (others)
  An orc wizard (D:4)
1 creature vanquished.

Grand Total: 75 creatures vanquished

Notes
Turn   | Place    | Note
-------+----------+-------------------------------------------
     0 | D:1      | Nattfarinn the Formicid Shapeshifter began the quest for
                  | the Orb.
     0 | D:1      | Reached XP level 1. HP: 15/15 MP: 1/1
   129 | D:1      | Reached XP level 2. HP: 14/22 MP: 2/2
   330 | D:1      | Reached skill level 1 in Armour
   579 | D:1      | Reached XP level 3. HP: 14/28 MP: 3/3
  1077 | D:2      | Reached skill level 1 in Stealth
  1186 | D:2      | Found a faded altar of an unknown god.
  1296 | D:2      | Reached XP level 4. HP: 29/34 MP: 4/4
  1927 | D:3      | Reached XP level 5. HP: 9/41 MP: 5/5
  2147 | D:3      | Reached skill level 1 in Shields
  2797 | D:4      | Noticed BinkBink's ghost (amateur FoFi)
  2800 | D:4      | Found a runed translucent gate.
  2800 | D:4      | Found a runed translucent gate.
  2801 | D:4      | Found a runed translucent gate.
  2892 | D:4      | Reached XP level 6. HP: 46/47 MP: 6/6
  2968 | D:4      | HP: 2/48 [iguana (7)]
  2973 | D:4      | Slain by a scorpion

Illustrated notes

Levels and vault maps discovered:
D:1:      nicolae_arrival_washed_ashore, layout_basic
D:2:      layout_basic, hellmonk_ecumenical_altar_leap_of_faith, minmay_domino_4
D:3:      layout_loops_ring, kennysheep_cluttered_room
D:4:      layout_loops_corners, overflow_temple_1_default,
          makhleb_heckhound_becter, enter_ossuary_1, ebering_ghost_rock_garden,
          uniq_pikel

Skill      XL: |  1  2  3  4  5  6 |
---------------+-------------------+-----
Fighting       | 2 3 |  3.8
Armour         | 1 2 3 |  3.1
Stealth        | 1 3 |  3.0
Shields        | 2 3 |  3.4
Dodging        | |  1.7
Unarmed Combat | |  3.0
Shapeshifting  | |  3.2

Action                     |  1- 3 |  4- 6 || total
---------------------------+-------+-------++-------
  Melee: Unarmed           |    66 |       ||    66
         Dagger            |    12 |   132 ||   144
  Throw: Javelin           |     1 |       ||     1
    Use: Potion            |       |     7 ||     7
   Stab: Sleeping          |       |     6 ||     6
 Armour: Animal skin       |    12 |       ||    12
         Ring mail         |    21 |       ||    21
         Leather armour    |     2 |    71 ||    73
  Dodge: Dodged            |    50 |    65 ||   115
  Block: Buckler           |    11 |    23 ||    34

Table legend: (Time is in decaauts)
 A = Elapsed time spent in this place.
 B = Non-inter-level travel time spent in this place.
 C = Inter-level travel time spent in this place.
 D = Time resting spent in this place.
 E = Time spent auto-exploring this place.
 F = Levels seen in this place.
 G = Mean time per level.
                   A        B        C        D        E       F      G
               +--------+--------+--------+--------+--------+-----+--------+
         Total |   2977 |   2928 |     49 |     61 |   2208 |   4 |  744.2 |
       Dungeon |   2977 |   2928 |     49 |     61 |   2208 |   4 |  744.2 |
               +--------+--------+--------+--------+--------+-----+--------+

Top non-repeatable levels by time:
     D:1: 1051 daAuts
     D:2: 824 daAuts
     D:3: 788 daAuts
     D:4: 313 daAuts
